 Dungeon Crawl Stone Soup version 0.31-a0-963-ga325b2283a (webtiles) character file.

Game seed: 10655605479882833606

462 IndexError the Conjurer (level 6, -11/41 HPs)
             Began as a Demonspawn Conjurer on Oct 25, 2023.
             Killed by divine providence
             ... invoked by an orc priest
              (14 damage)
             ... on level 4 of the Dungeon.
             The game lasted 00:05:54 (3772 turns).

IndexError the Conjurer (Demonspawn Conjurer)       Turns: 3772, Time: 00:05:54

Health: -11/41     AC:  5    Str:  7    XL:     6   Next: 79%
Magic:  22/22      EV: 14    Int: 22    God:
Gold:   134        SH:  0    Dex: 11    Spells: 12/15 levels left

rFire   . . .        n - +0 dagger (venom)
rCold   . . .        (no shield)
rNeg    . . .        a - +0 robe
rPois   +            s - +0 helmet "Veschoe" {+Inv}
rElec   .            r - +0 cloak
rCorr   .            y - +0 pair of gloves
SInv    .            (no boots)
Will    .....        p - amulet of magic regeneration
Stlth   ++           l - ring of poison resistance {rPois, !d}
HPRegen 0.26/turn    q - ring of magical power {MP+9}
MPRegen 0.76/turn

%: no passive effects
@: no status effects
A: repulsion field 1, magic regeneration, demonic touch 1
a: Evoke Invisibility


You were on level 4 of the Dungeon.
You visited 1 branch of the dungeon, and saw 4 of its levels.

You collected 134 gold pieces.

Inventory:

Hand Weapons
 n - a +0 dagger of venom (weapon)
   (You found it on level 2 of the Dungeon)
Armour
 a - a +0 robe (worn)
 r - a +0 cloak (worn)
   (You found it on level 3 of the Dungeon)
 s - the +0 helmet "Veschoe" (worn) {+Inv}
   (You took it off Robin on level 3 of the Dungeon)

   +Inv:      It lets you turn invisible.
 y - a +0 pair of gloves (worn)
   (You found it on level 4 of the Dungeon)
Magical Staves
 w - a staff of earth
   (You found it on level 4 of the Dungeon)
Jewellery
 l - a ring of poison resistance (left hand) {rPois, !d}
   (You found it on level 2 of the Dungeon)
 m - a ring of ice {rC+, rF-}
   (You found it on level 2 of the Dungeon)
 p - an amulet of magic regeneration (around neck)
   (You found it on level 3 of the Dungeon)
 q - a ring of magical power (right hand) {MP+9}
   (You found it on level 3 of the Dungeon)
 x - a ring of willpower
   (You found it on level 4 of the Dungeon)
Wands
 v - a wand of flame (25)
   (You took it off Crazy Yiuf on level 3 of the Dungeon)
Scrolls
 c - a scroll of revelation {unknown}
 e - 2 scrolls of amnesia {unknown}
 f - a scroll of brand weapon {unknown}
 g - 3 scrolls of enchant weapon {unknown}
 h - 8 scrolls of identify {unknown}
 o - 2 scrolls of teleportation {unknown}
 u - a scroll of fear {unknown}
Potions
 b - a potion of magic
 d - a potion of cancellation {unknown}
 i - a potion of degeneration {unknown}
 j - 2 potions of haste {unknown}
 k - 6 potions of curing {unknown}
 t - a potion of attraction {unknown}
 z - a potion of enlightenment {unknown}
 A - a potion of heal wounds {unknown}
 B - a potion of lignification {unknown}


   Skills:
 - Level 1.7 Dodging
 - Level 1.7 Stealth
 + Level 5.0 Spellcasting
 + Level 6.4 Conjurations


You had 12 spell levels left.
You knew the following spells:

 Your Spells              Type           Power      Damage    Failure   Level
a - Magic Dart            Conj           100%       1d8       1%          1
b - Searing Ray           Conj           68%        2d6       1%          2

Your spell library contained the following spells:

 Spells                   Type           Power      Damage    Failure   Level
 Dazzling Flash           Conj/Hex       38%        N/A       9%          3
 Stone Arrow              Conj/Erth      38%        3d9       9%          3
 Fulminant Prism          Conj/Hex       9%         3d6       26%         4
 Iskenderun's Mystic Bla  Conj/Tloc      19%        2d6       26%         4
 Animate Armour           Summ/Erth      10%        N/A       69%         4
 Lehudib's Crystal Spear  Conj/Erth      9%         10d4      100%        8


Dungeon Overview and Level Annotations

Branches:
Dungeon (4/15)
 Temple: D:4-7

Altars:
Makhleb

Shops:
D:2 !


Innate Abilities, Weirdness & Mutations

You are surrounded by a mild repulsion field. (EV +2)
You regenerate magic rapidly.
Your touch may inflict minor irresistible damage on your foes.


Message History

The magic dart hits the orc.
The magic dart hits the orc.
An orc comes into view. It is wielding a +0 dagger.
You now have 19/21 mp.
The magic dart hits the orc.
The magic dart hits the orc.
The magic dart hits the orc.
You now have 18/21 mp.
The magic dart hits the orc.
The magic dart hits the orc.
You can't see any susceptible monsters within range! (Use Z to cast anyway.)
k - 6 sapphire potions (gained 2)
You now have 127 gold pieces (gained 9).
h - 8 scrolls labelled ENGARI NUAWEO (gained 1)
B - a green potion MP restored: 21 A kobold comes into view.
It is wielding a +0 whip.
A kobold is nearby!
The magic dart hits the kobold.
You can't see any susceptible monsters within range! (Use Z to cast anyway.)
You can't see any susceptible monsters within range! (Use Z to cast anyway.)
Found a stone staircase leading down.
MP restored: 22 You now have 134 gold pieces (gained 7).
A goblin comes into view. It is wielding a +0 dagger.
The goblin shouts!
The magic dart hits the goblin.
You can't see any susceptible monsters within range! (Use Z to cast anyway.)
You can't see any susceptible monsters within range! (Use Z to cast anyway.)
An adder comes into view.
An adder is nearby!
An adder is nearby!
The magic dart hits the adder.
The adder hisses angrily.
The magic dart hits the adder.
You now have 21/22 mp.
The magic dart hits the adder!
You can't see any susceptible monsters within range! (Use Z to cast anyway.)
An ogre comes into view. It is wielding a +0 giant club.
MP restored: 22 An ogre is nearby!
An ogre is nearby!
The magic dart hits the ogre.
The ogre shouts!
The magic dart hits the ogre.
You now have 21/22 mp.
The magic dart hits the ogre.
Casting: Magic Dart (safe; 1% risk of failure)
Confirm with . or Enter, or press ? or * to list all spells.
Aiming: Searing Ray (safe; 1% risk of failure)
Press: ? - help, Shift-Dir - straight line, f/p - ogre
Aim: an ogre, wielding a +0 giant club (moderately wounded, 91% to hit)
The searing ray misses the ogre. (Press . to maintain the ray.)
An endoplasm comes into view.
You now have 20/22 mp.
The searing ray hits the ogre.
The endoplasm quivers.
The searing ray misses the ogre.
The searing ray hits the ogre.
You finish channelling your searing ray.
The ogre barely misses you.
You now have 19/22 mp.
Casting: Searing Ray (safe; 1% risk of failure)
Confirm with . or Enter, or press ? or * to list all spells.
Aiming: Searing Ray (safe; 1% risk of failure)
Press: ? - help, Shift-Dir - straight line, f - endoplasm, p - ogre
Aim: an endoplasm (98% to hit)
The searing ray hits the ogre!
The searing ray hits the endoplasm! (Press . to maintain the ray.)
Your Spellcasting skill increases to level 5!
You now have 18/22 mp.
Things that are here:
a +0 giant club; an ogre corpse
o - 2 scrolls labelled LOBRIN FAXYRGH (gained 1) 2 orcs come into view.
MP restored: 22 The magic dart hits the orc.
The orc shouts! x2; You hear a shout!
An orc priest comes into view. It is wielding a +0 dagger.
An orc priest comes into view. It is wielding a +0 whip.
The orc priest shouts!
The magic dart hits the orc.
The orc priest mumbles some strange prayers to Beogh against you.
Beogh smites you!
The orc priest calls down the wrath of Beogh upon you.
Beogh smites you!
An orc comes into view. It is wielding a +0 falchion.
You take 27 damage, and have 14/41 hp.
MASSIVE DAMAGE!!
You now have 21/22 mp.
You are too injured to fight recklessly!
MP restored: 22 You see here 6 stones.
The orc priest calls down the wrath of Beogh upon you.
Beogh smites you!
* * * LOW HITPOINT WARNING * * *
There is a stone staircase leading up here.
You take 15 damage, and have 3/41 hp.
MASSIVE DAMAGE!!
The orc priest calls down the wrath of Beogh upon you.
Beogh smites you!
You die...

...#..##..........###.)........#
...#..#####.#.###.#####.#...#..#
......## ##...###......).......##
..##...###..#....######..#.......
........##.........# #..###.....
#.####.............####..###.....
..# .............##.......##.##
..# #.....>...............##...
#.# .#...>...@.o...o.....####o
#.# ##.......รท..###o.....# . ...
#.........# ######## . .>#
..........# o #.. ..........# o
#.......... . #.........## .
#.........#


You could see an orc priest and 2 orcs.

Vanquished Creatures
  A sky beast (D:3)
  An ogre (D:4)
  A hound (D:4)
  Crazy Yiuf (D:3)
  A sleepcap (D:4)
  Jessica (D:3)
  An iguana (D:4)
  Robin (D:3)
  3 adders
  3 worms (D:2)
  4 dart slugs
  5 orcs
  6 bats
  4 endoplasms
  4 giant cockroaches
  11 hobgoblins
  7 jackals (D:3)
  6 quokkas
  4 ball pythons
  4 frilled lizards
  13 goblins
  6 kobolds
  3 rats
91 creatures vanquished.

Notes
Turn   | Place    | Note
-------+----------+-------------------------------------------
     0 | D:1      | IndexError the Demonspawn Conjurer began the quest for the
                  | Orb.
     0 | D:1      | Reached XP level 1. HP: 13/13 MP: 3/3
   322 | D:1      | HP: 3/13 [frilled lizard (1)]
   422 | D:1      | Gained mutation: You regenerate magic rapidly. [demonic
                  | ancestry]
   422 | D:1      | Reached XP level 2. HP: 19/19 MP: 1/5
   535 | D:1      | Found a faded altar of an unknown god.
  1092 | D:2      | Found Happeata's Distillery.
  1213 | D:2      | HP: 4/19 [worm (8)]
  1216 | D:2      | Gained mutation: Your touch may inflict minor irresistible
                  | damage on your foes. [demonic ancestry]
  1216 | D:2      | Reached XP level 3. HP: 6/24 MP: 0/7
  1602 | D:2      | Reached skill level 3 in Spellcasting
  2141 | D:3      | Reached XP level 4. HP: 30/30 MP: 4/8
  2487 | D:3      | Reached skill level 5 in Conjurations
  2490 | D:3      | Learned a level 2 spell: Searing Ray
  2503 | D:3      | Identified the +0 helmet "Veschoe" {+Inv}
  2503 | D:3      | Noticed Robin
  2512 | D:3      | Noticed Jessica
  2525 | D:3      | Killed Jessica
  2526 | D:3      | Killed Robin
  2680 | D:3      | Found a burning altar of Makhleb.
  2693 | D:3      | Noticed an angel
  2693 | D:3      | Noticed a green death
  2817 | D:3      | Gained mutation: You are surrounded by a mild repulsion
                  | field. (EV +2) [demonic ancestry]
  2817 | D:3      | Reached XP level 5. HP: 35/35 MP: 10/10
  2980 | D:3      | Found a runed translucent door.
  2981 | D:3      | Noticed Crazy Yiuf
  3252 | D:3      | Killed Crazy Yiuf
  3305 | D:4      | Noticed a sky beast
  3384 | D:3      | Killed a sky beast
  3385 | D:3      | Reached skill level 4 in Spellcasting
  3385 | D:3      | Reached XP level 6. HP: 33/41 MP: 12/12
  3505 | D:4      | Reached skill level 6 in Conjurations
  3695 | D:4      | Reached skill level 5 in Spellcasting
  3771 | D:4      | HP: 3/41 [orc priest/divine providence (15)]
  3772 | D:4      | Killed from afar by an orc priest

Illustrated notes

Levels and vault maps discovered:
D:1:      eino_arrival_tree_alley, layout_basic,
          shapermc_ecumenical_altar_mp_ritualfount
D:2:      layout_loops_ring, serial_shops, shop
D:3:      layout_basic, grunt_temple_overflow_order_and_chaos_2, uniq_jessica,
          uniq_robin, uniq_crazy_yiuf_cottage
D:4:      layout_rooms, kennysheep_small_spiral

Skill      XL: |  1  2  3  4  5  6 |
---------------+-------------------+-----
Spellcasting   | 3 4 5 |  5.0
Conjurations   | 5 6 |  6.4
Dodging        | |  1.7
Stealth        | |  1.7

Action                     |  1- 3 |  4- 6 || total
---------------------------+-------+-------++-------
  Melee: Dagger            |    17 |     2 ||    19
         Unarmed           |     2 |       ||     2
         Punch             |     1 |       ||     1
   Cast: Magic Dart        |    97 |    77 ||   174
         Searing Ray       |       |    11 ||    11
 Armour: Robe              |    13 |    26 ||    39
  Dodge: Dodged            |     9 |    31 ||    40

Table legend: (Time is in decaauts)
 A = Elapsed time spent in this place.
 B = Non-inter-level travel time spent in this place.
 C = Inter-level travel time spent in this place.
 D = Time resting spent in this place.
 E = Time spent auto-exploring this place.
 F = Levels seen in this place.
 G = Mean time per level.
                   A        B        C        D        E       F      G
               +--------+--------+--------+--------+--------+-----+--------+
         Total |   3774 |   3479 |    295 |      0 |   3031 |   4 |  943.5 |
       Dungeon |   3774 |   3479 |    295 |      0 |   3031 |   4 |  943.5 |
               +--------+--------+--------+--------+--------+-----+--------+

Top non-repeatable levels by time:
     D:3: 1357 daAuts
     D:1: 1107 daAuts
     D:2: 1048 daAuts
     D:4: 261 daAuts

Levels and vault maps discovered:
D:1:      eino_arrival_tree_alley, layout_basic,
          shapermc_ecumenical_altar_mp_ritualfount
D:2:      layout_loops_ring, serial_shops, shop
D:3:      layout_basic, grunt_temple_overflow_order_and_chaos_2, uniq_jessica,
          uniq_robin, uniq_crazy_yiuf_cottage
D:4:      layout_rooms, kennysheep_small_spiral

Table legend: (Time is in decaauts)
 A = Elapsed time spent in this place.
 B = Non-inter-level travel time spent in this place.
 C = Inter-level travel time spent in this place.
 D = Time resting spent in this place.
 E = Time spent auto-exploring this place.
 F = Levels seen in this place.
 G = Mean time per level.
                   A        B        C        D        E       F      G
               +--------+--------+--------+--------+--------+-----+--------+
         Total |   3774 |   3479 |    295 |      0 |   3031 |   4 |  943.5 |
       Dungeon |   3774 |   3479 |    295 |      0 |   3031 |   4 |  943.5 |
               +--------+--------+--------+--------+--------+-----+--------+

Top non-repeatable levels by time:
     D:3: 1357 daAuts
     D:1: 1107 daAuts
     D:2: 1048 daAuts
     D:4: 261 daAuts

Table legend:
 A = Kills in this place as a percentage of kills in the entire game.
 B = Kills by you in this place as a percentage of kills by you in the entire game.
 C = Kills by friends in this place as a percentage of kills by friends in the entire game.
 D = Other kills in this place as a percentage of other kills in the entire game.
 E = Experience gained in this place as a percentage of experience gained in the entire game.
 F = Experience gained in this place divided by the number of levels of this place that you have seen.
                   A       B       C       D       E      F
               +-------+-------+-------+-------+-------+----------------------
         Total | 100.0 | 100.0 |   N/A |   N/A | 100.0 | 165.2
       Dungeon | 100.0 | 100.0 |   N/A |   N/A | 100.0 | 165.2
               +-------+-------+-------+-------+-------+----------------------
